[Event "Late-Titled-Tuesday-Blitz-February-27-2024"]
[Site "Chess.com"]
[Date "2024.02.27"]
[Round "7"]
[White "GoltsevDmitry2000"]
[Black "aghasiyevkamal"]
[Result "0-1"]
[WhiteElo "2752"]
[BlackElo "2633"]
[TimeControl "180+1"]
[EndTime "15:16:56 PST"]
[Termination "aghasiyevkamal won by checkmate"]

1. e4 e5 2. Nf3 Nc6 3. Bb5 a6 4. Ba4 Nf6 5. O-O b5 6. Bb3 Bc5 7. Nxe5 Nxe5 8. d4 Bxd4 9. Qxd4 d6 10. Bg5 h6 11. Bxf6 Qxf6 12. c3 Bb7 13. f4 Nd7 14.
Qxf6 Nxf6 15. e5 Ne4 16. e6 f5 17. a4 Ke7 18. axb5 axb5 19. Na3 Nd2 20. Bc2 Nxf1 21. Rxf1 g6 22. Nxb5 Ba6 23. Bd3 c6 24. Nd4 Bxd3 25.
Nxc6+ Kxe6 26. Rd1 Be4 27. Nd4+ Ke7 28. Nb5 d5 29. b4 Rhc8 30. h3 Ra2 31. g4 h5 32.
g5 h4 33. Rc1 Rc4 34. Nd4 Rg2+ 35. Kf1 Rd2 36. Kg1 Rdxd4 37. Ra1 Rd2 38. b5 Kd6 39. b6 Kc6 40. b7 Kxb7 41. Rf1 Rxc3 42. Ra1 Rg3+ 43. Kf1 Rh2 44. Ra3 Bd3+ 45. Ke1 Rg1# 0-1

[Event "Late-Titled-Tuesday-Blitz-February-27-2024"]
[Site "Chess.com"]
[Date "2024.02.27"]
[Round "7"]
[White "xasid81"]
[Black "Fonsofan"]
[Result "0-1"]
[WhiteElo "2616"]
[BlackElo "2761"]
[TimeControl "180+1"]
[EndTime "15:16:57 PST"]
[Termination "Fonsofan won on time"]

1. Nf3 h6 2. e4 g5 3. d4 Bg7 4. h4 g4 5. Ne5 d6 6. Nxg4 Bxg4 7.
Qxg4 Bxd4 8. Nd2 Qd7 9. Qe2 Nf6 10. Nf3 Bb6 11. a4 a6 12. c3 Ng4 13. Be3 Nxe3 14. fxe3 Nc6 15. O-O-O O-O 16. g4 Qe6 17. Qc2 Ne5 18. Nd4 Qg6 19. Nf5 Rae8 20. Be2 e6 21. Nd4 Kh8 22. g5 h5 23. Rdf1 Nd7 24. Qd1 Qxe4 25. Bd3 Qg4 26. Be2 Qe4 27. Bxh5 Kg7 28. Bf3 Qxe3+ 29. Kb1 Ne5 30. Be2 Rh8 31. h5 Re7 32. Ka2 Bxd4 33. cxd4 Nc6 34. h6+ Kf8 35. g6 Rxh6 36. Rxh6 Qxh6 37. Bh5 f5 38. Kb1 d5 39.
Rg1 Kg7 40. Qe2 Qf4 41. Bf3 Nxd4 42. Qd1 Nxf3 43. Rh1 Kxg6 44. Qf1 Qe4+ 45. Ka1 Ng5 0-1

[Event "Late-Titled-Tuesday-Blitz-February-27-2024"]
[Site "Chess.com"]
[Date "2024.02.27"]
[Round "7"]
[White "GodzillaChessYoutube"]
[Black "NovakRatko"]
[Result "1-0"]
[WhiteElo "2641"]
[BlackElo "2469"]
[TimeControl "180+1"]
[EndTime "15:16:57 PST"]
[Termination "GodzillaChessYoutube won by checkmate"]

1. d4 d5 2. Nh3 c5 3. Nf4 cxd4 4. Qxd4 Nc6 5. Qxd5 Bd7 6. c3 Nf6 7. Qd1 e5 8. Nd3 Qc7 9. g3 O-O-O 10. Bg2 e4 11. Bf4 Qb6 12. Be3 Qc7 13. Nf4 g5 14. Nd5 Nxd5 15.
Qxd5 f5 16. Bxg5 Be7 17. Bf4 Qb6 18. Qb3 Qc5 19. Nd2 Ne5 20. Qb4 Qd5 21. Qxe7 Rhe8 22. Qb4 Bc6 23. O-O-O Qxa2 24. Qa3 Qe6 25. Bxe5 Qxe5 26.
e3 Kb8 27. Nb3 Bb5 28. Rd4 Bd3 29. Rd1 Rc8 30. R4xd3 exd3 31. Rxd3 h5 32. Qd6+ Qxd6 33. Rxd6 Rcd8 34. Rxd8+ Rxd8 35. Nd4 Rf8 36. h4 Kc7 37. b4 Kd6 38. Kc2 a6 39. Kd3 b5 40. Bf3 Ke5 41. Bxh5 Rc8 42. Bg6 f4 43. gxf4+ Kf6 44. h5 Ra8 45. e4 a5 46. e5+ Kg7 47. bxa5 b4 48. cxb4 Rc8 49. f5 Rc1 50. f6+ Kf8 51. Ne6+ Kg8 52. f7+ Kh8 53. f8=Q# 1-0

[Event "Late-Titled-Tuesday-Blitz-February-27-2024"]
[Site "Chess.com"]
[Date "2024.02.27"]
[Round "7"]
[White "js20000"]
[Black "FairChess_on_YouTube"]
[Result "0-1"]
[WhiteElo "2845"]
[BlackElo "3099"]
[TimeControl "180+1"]
[EndTime "15:16:58 PST"]
[Termination "FairChess_on_YouTube won on time"]

1. Nf3 b5 2. e4 Bb7 3. Bxb5 Bxe4 4. Nc3 Bxf3 5. Qxf3 c6 6. Ba4 Nf6 7. O-O d5 8. d4 e6 9. Bf4 Bd6 10. Rfe1 O-O 11.
Bg5 Be7 12. Bf4 Qb6 13. Bb3 Qxd4 14. Na4 Qb4 15. c3 Qb7 16. c4 Nbd7 17. Nc3 Nc5 18. Bc2 Qxb2 19. Rac1 Rad8 20. cxd5 cxd5 21. Be5 d4 22.
Ne2 Rd5 23. Bxf6 Bxf6 24. Nf4 Re5 25. Red1 Bg5 26. Nd3 Nxd3 27. Qxd3 g6 28. Rb1 Qxa2 29. Qxd4 Rd5 30. Qc3 Bf6 31. Qxf6 Qxc2 32. Rdc1 Qf5 33. Qa1 Rfd8 34. h3 a5 35. Rb7 h5 36. Rbc7 Qf4 37.
Rc8 Kh7 38. Rxd8 Rxd8 39. Rb1 Rd2 40. Rf1 Rd5 41. Qc3 Rf5 42. Qc8 Qd4 43. Qa8 Kg7 44.
Qa6 h4 45. Qb7 a4 46. Qa6 Rf4 47. Qb7 a3 48. Qa6 Qb2 49. Qa8 a2 50. Qa5 Rxf2 0-1

[Event "Late-Titled-Tuesday-Blitz-February-27-2024"]
[Site "Chess.com"]
[Date "2024.02.27"]
[Round "7"]
[White "GothamChess"]
[Black "Seochesspie"]
[Result "1-0"]
[WhiteElo "2693"]
[BlackElo "2874"]
[TimeControl "180+1"]
[EndTime "15:16:58 PST"]
[Termination "GothamChess won on time"]

1. d4 Nf6 2. Bg5 Ne4 3. h4 c5 4. d5 Qb6 5. Nd2 Nxd2 6. Bxd2 Qxb2 7. e4 d6 8. Rb1 Qe5 9. Bd3 Nd7 10. Nf3 Qf6 11.
Bb5 g6 12. Rb3 Qg7 13. h5 f6 14. h6 Qf7 15. c4 e5 16. Ba5 b6 17. Bc3 Be7 18. a4 O-O 19. a5 f5 20. exf5 Qxf5 21. O-O Nf6 22. Ba1 Ng4 23. Nd2 Nxh6 24. Rf3 Qh5 25.
Rxf8+ Bxf8 26. Qxh5 gxh5 27. f4 exf4 28. Ne4 Ng4 29.
Rxf4 Bh6 30. Nf6+ Nxf6 31. Rxf6 Bg7 32. Rxd6 Bxa1 33. Rd8+ Kg7 34. a6 Bf6 35. Re8 Rb8 36.
Kh1 Kf7 37. d6 h4 38. d7 Bxd7 39. Rxb8 Bxb5 40. Rb7+ Ke6 41. cxb5 c4 42. Rxa7 Kd6 43. Ra8 c3 44. Rc8 c2 45. Rxc2 1-0

[Event "Late-Titled-Tuesday-Blitz-February-27-2024"]
[Site "Chess.com"]
[Date "2024.02.27"]
[Round "7"]
[White "MolecularChemist"]
[Black "yaguigor"]
[Result "1-0"]
[WhiteElo "2864"]
[BlackElo "2621"]
[TimeControl "180+1"]
[EndTime "15:16:58 PST"]
[Termination "MolecularChemist won by resignation"]

1. Nh3 d5 2. c4 d4 3. g3 e5 4.
Bg2 c5 5. f4 e4 6. Nf2 f5 7. e3 d3 8. g4 Nc6 9. gxf5 Bxf5 10.
Bxe4 Bxe4 11. Nxe4 Qh4+ 12. Ng3 Nf6 13. Nc3 O-O-O 14.
Qf3 Bd6 15. O-O Ng4 16. Qg2 Rhf8 17. Nce4 Be7 18. b3 g5 19. f5 Nf6 20. Bb2 h5 21. Nxf6 Bxf6 22. Bxf6 Rxf6 23. Ne4 Rff8 24. Nxc5 g4 25.
Ne6 Ne5 26. Qg3 Qf6 27. Nxd8 Rxd8 28. Kh1 Nf3 29. Rad1 Qxf5 30. Qf4 Qxf4 31. exf4 Rf8 32. Kg2 Rxf4 33. h3 Kd7 34. hxg4 hxg4 35. Kg3 Re4 36. Rh1 a5 37. Rh5 b6 38. Rd5+ Kc6 39. Rxd3 Kc5 40.
Re3 Rd4 41. d3 Rd6 42. Kxg4 Nd4 43. Re5+ Kb4 44. Rd5 Rxd5 45. cxd5 Kc5 46. Kf4 Kxd5 47.
Ke3 b5 48. Rh1 Nc2+ 49. Kd2 Nb4 50. Rh5+ Kc6 51. a3 Nd5 52. d4 b4 53. axb4 axb4 54. Re5 Kd6 55. Kd3 Kc6 56. Kc4 1-0

[Event "Late-Titled-Tuesday-Blitz-February-27-2024"]
[Site "Chess.com"]
[Date "2024.02.27"]
[Round "7"]
[White "NCchamp"]
[Black "Baronessa08"]
[Result "0-1"]
[WhiteElo "2357"]
[BlackElo "2529"]
[TimeControl "180+1"]
[EndTime "15:16:58 PST"]
[Termination "Baronessa08 won on time"]

1. d4 d5 2. c4 dxc4 3. e3 Nf6 4.
Bxc4 e6 5. Nf3 a6 6. O-O c5 7.
dxc5 Bxc5 8. Qxd8+ Kxd8 9. Ne5 Ke7 10. a3 Bd6 11. Nf3 Nc6 12. Nc3 Bd7 13. Rd1 Rac8 14. Be2 Na5 15. Bd2 Nb3 16. Rab1 b5 17. Be1 Rhd8 18.
Bd3 Bc6 19. Nd4 Nxd4 20. exd4 Bf4 21. Ne2 Bc7 22. Rbc1 Bb6 23. Bb4+ Ke8 24. Bc5 Nd7 25. Bd6 Bd5 26. Nc3 Nf6 27. Be5 Bb3 28. Re1 Bxd4 29. Bxd4 Rxd4 30. Bf1 Rd2 31. Re2 Rxe2 32. Bxe2 Nd5 33.
Bf3 Nxc3 34. bxc3 a5 35. Kf1 b4 36. axb4 axb4 37. Ke1 Rxc3 38. Rb1 Kd7 39. Kd2 Kd6 40. Ra1 Rc2+ 41. Ke3 Bd5 42. Ra6+ Ke5 43. Rb6 Rc3+ 0-1

[Event "Late-Titled-Tuesday-Blitz-February-27-2024"]
[Site "Chess.com"]
[Date "2024.02.27"]
[Round "7"]
[White "maximnovik"]
[Black "ameetghasi100"]
[Result "0-1"]
[WhiteElo "2605"]
[BlackElo "2759"]
[TimeControl "180+1"]
[EndTime "15:16:59 PST"]
[Termination "ameetghasi100 won on time"]

1. e4 g6 2. d4 Bg7 3. Nf3 d6 4. Bd3 Nf6 5. O-O O-O 6. h3 c5 7. c3 Nc6 8. Re1 Nd7 9. Be3 Rb8 10.
Na3 a6 11. Nc2 b5 12. Qd2 b4 13. Bf1 a5 14. Rad1 Qc7 15. Bh6 bxc3 16. bxc3 Rb2 17. Bxg7 Kxg7 18. Qc1 Qb8 19. Ne3 h5 20. Bc4 Rb7 21.
a4 Nb6 22. Bb5 Na7 23. dxc5 dxc5 24. c4 f6 25. Qc3 Nxb5 26. axb5 a4 27. e5 Ra7 28.
exf6+ exf6 29. Nd5 a3 30. Nxb6 Qxb6 31. Ra1 Be6 32. Nd2 Rd8 33. Ne4 Rd4 34. Nd2 Bf7 35. Re2 Qd6 36. Rxa3 Rxa3 37. Qxa3 Rxd2 38. Rxd2 Qxd2 39.
Qxc5 Qc1+ 40. Kh2 Qf4+ 41. Kg1 Qxc4 42. Qb6 Qc1+ 43. Kh2 Qf4+ 44. Kg1 Qe5 45. Qc6 Qe1+ 46. Kh2 Qe5+ 47. Kg1 Bd5 48. Qd7+ Kh6 0-1

[Event "Late-Titled-Tuesday-Blitz-February-27-2024"]
[Site "Chess.com"]
[Date "2024.02.27"]
[Round "7"]
[White "Hui_Li_Macau"]
[Black "1g60-1"]
[Result "1/2-1/2"]
[WhiteElo "2354"]
[BlackElo "2246"]
[TimeControl "180+1"]
[EndTime "15:17:04 PST"]
[Termination "Game drawn - insufficient material"]

1. e4 e6 2. d4 d5 3. Nd2 Nf6 4.
e5 Nfd7 5. Bd3 c5 6. c3 Nc6 7.
Ne2 cxd4 8. cxd4 f6 9. exf6 Nxf6 10. O-O Bd6 11. Nf3 Qc7 12. g3 O-O 13. Bf4 Bxf4 14. Nxf4 Ne4 15. Rc1 Rxf4 16. gxf4 Qxf4 17. Qe2 e5 18. Bxe4 dxe4 19. Nxe5 Nxe5 20. dxe5 Bh3 21. Qe3 Qxe3 22. fxe3 Bxf1 23. Kxf1 Re8 24. Rc7 Rxe5 25. Rxb7 Rh5 26. Kg2 Rg5+ 27. Kf2 Rh5 28. Kg3 Rf5 29. Rxa7 Rf3+ 30. Kg4 Rxe3 31. Kf4 Re2 32. Rb7 Rxh2 33. Kxe4 Rg2 34. Kf3 Rg1 35. a4 h5 36. a5 h4 37.
Kf2 Ra1 38. b4 g5 39. Kf3 Ra3+ 40. Kg4 Rg3+ 41. Kf5 h3 42. a6 h2 43. Kg6 Kf8 44. Rf7+ Ke8 45. Rh7 Ra3 46. Rxh2 Rxa6+ 47. Kxg5 Ra4 48.
Rb2 Kd7 49. Kf5 Kc6 50. Ke5 Kb5 51. Kd5 Rxb4 52. Rxb4+ Kxb4 1/2-1/2

[Event "Late-Titled-Tuesday-Blitz-February-27-2024"]
[Site "Chess.com"]
[Date "2024.02.27"]
[Round "7"]
[White "MrKGG1"]
[Black "elchacal664"]
[Result "1-0"]
[WhiteElo "2587"]
[BlackElo "2428"]
[TimeControl "180+1"]
[EndTime "15:17:05 PST"]
[Termination "MrKGG1 won on time"]

1. Nf3 Nf6 2. c4 g6 3. Nc3 Bg7 4. g3 d6 5. d4 O-O 6. Bg2 c6 7.
O-O Qa5 8. Bd2 Qh5 9. h4 Bg4 10.
Nh2 Bc8 11. e4 Qxd1 12. Raxd1 Na6 13. Be3 Ng4 14. Nxg4 Bxg4 15. f3 Be6 16. b3 c5 17.
Ne2 cxd4 18. Nxd4 Bd7 19. Rd2 Nc5 20. Rfd1 a5 21. Ne2 Bc6 22. Nd4 Bd7 23. Bf1 Rfc8 24.
Nb5 Bxb5 25. cxb5 b6 26. Bc4 Bc3 27. Re2 a4 28. Bd5 Ra5 29. Rc2 Bb4 30. Rc4 axb3 31. Rxb4 bxa2 32. Ra1 Ra3 33. Bxc5 Rxc5 34. Rb3 Rxb3 35.
Bxb3 Rc3 36. Bxa2 Rxf3 37. Kg2 Re3 38. Bd5 Rb3 39. Bc6 Rb2+ 40. Kh3 e6 41. Ra6 d5 42. exd5 exd5 43. Rxb6 d4 44. Rb8+ Kg7 45. b6 d3 46.
b7 d2 47. Rd8 Rc2 48. Rxd2 Rxd2 49. b8=Q h6 50. Qe5+ Kg8 51. Bd5 1-0

[Event "Late-Titled-Tuesday-Blitz-February-27-2024"]
[Site "Chess.com"]
[Date "2024.02.27"]
[Round "7"]
[White "Journey_to_GrandMaster_YT"]
[Black "Abund"]
[Result "1/2-1/2"]
[WhiteElo "2513"]
[BlackElo "2735"]
[TimeControl "180+1"]
[EndTime "15:17:08 PST"]
[Termination "Game drawn by repetition"]

1. d4 d5 2. c4 e6 3. Nf3 Nf6 4. Nc3 a6 5. cxd5 exd5 6. Bg5 Be6 7. e3 Nbd7 8. Bd3 c6 9. O-O Bd6 10. h3 Qc7 11. Rc1 O-O 12. Qc2 h6 13. Bxf6 Nxf6 14. Na4 Qe7 15. Nc5 Rad8 16. Bf5 Bxf5 17. Qxf5 Bxc5 18.
Rxc5 Ne4 19. Rc2 Rfe8 20. Ne5 g6 21. Qf4 Kg7 22. a3 Nd6 23. Rc3 h5 24. Rb3 Rc8 25. Rc1 Rc7 26. Nd3 Nc4 27. Nc5 a5 28. a4 b6 29. Nd3 Rb7 30. Rbc3 b5 31. b3 Nb6 32.
Rxc6 bxa4 33. Nc5 axb3 34. Nxb7 b2 35. Rb1 Nc4 36. Rc7 Qe6 37. Nc5 Qf6 38. Qxf6+ Kxf6 39.
Rb7 Rc8 40. Na4 Nd2 41. R1xb2 Rc1+ 42. Kh2 Nf1+ 43. Kg1 Nxe3+ 44. Kh2 Nf1+ 45. Kh1 Nd2+ 46. Kh2 Nf1+ 47. Kg1 Ng3+ 48. Kh2 Nf1+ 1/2-1/2

[Event "Late-Titled-Tuesday-Blitz-February-27-2024"]
[Site "Chess.com"]
[Date "2024.02.27"]
[Round "7"]
[White "pirulillo"]
[Black "JackRodgers"]
[Result "1/2-1/2"]
[WhiteElo "2252"]
[BlackElo "2513"]
[TimeControl "180+1"]
[EndTime "15:17:09 PST"]
[Termination "Game drawn by repetition"]

1. e4 c5 2. Nf3 g6 3. d4 cxd4 4.
Nxd4 Nc6 5. Nc3 Bg7 6. Nb3 Nf6 7. Be2 O-O 8. O-O d6 9. Bg5 Bd7 10. f4 a5 11. a4 Rc8 12. Bf3 h6 13. Bh4 Nb4 14.
Bf2 Qc7 15. Nd4 Ng4 16. Bxg4 Bxg4 17. Qxg4 Bxd4 18. Bxd4 Nxc2 19. Nb5 Qc4 20. Rad1 Qxa4 21. Nc3 Qc4 22. Bf2 Nb4 23. f5 g5 24. h4 f6 25. hxg5 hxg5 26. Qh5 Qf7 27. Qxf7+ Kxf7 28. Ra1 Nd3 29. Rxa5 Nxb2 30. Nd5 Rc2 31. Rb5 Rb8 32. Rb1 Nd3 33. Bd4 Rc1+ 34. Rxc1 Nxc1 35. Ba7 Re8 36. Rxb7 Nd3 37. Rb3 Ne5 38. Bd4 Ng4 39. Rb7 Kf8 40. Ne3 Nh6 41. Ba7 Kf7 42. Rb8 Rxb8 43. Bxb8 Ke8 44.
Kf2 Kd7 45. Ba7 Nf7 46. Bd4 Nd8 47. Nd5 Nc6 48. Ke3 Na5 49. g4 Nc6 50. Kd3 Nd8 51. Bb6 Nf7 52. Bd4 Nh6 53. Ne3 Nf7 54. Kc4 Kc6 55. Bc3 Kd7 56. Nc2 Nh6 57. Ne3 Nf7 58. Kb5 Kc7 59. Ba5+ Kd7 60. Kb6 Ne5 61. Bc3 Nf7 62. Kb7 Nd8+ 63. Kb6 Nf7 64. Nd5 Nh6 65. Ne3 Nf7 1/2-1/2

[Event "Late-Titled-Tuesday-Blitz-February-27-2024"]
[Site "Chess.com"]
[Date "2024.02.27"]
[Round "7"]
[White "otrov-11"]
[Black "KorolDimitriy75"]
[Result "1-0"]
[WhiteElo "2614"]
[BlackElo "2449"]
[TimeControl "180+1"]
[EndTime "15:17:14 PST"]
[Termination "otrov-11 won on time"]

1. d4 Nf6 2. c4 c5 3. d5 b5 4. cxb5 a6 5. f3 axb5 6. e4 Qa5+ 7. Bd2 b4 8. Na3 d6 9. Nc4 Qd8 10. a3 e6 11. dxe6 Bxe6 12. axb4 Rxa1 13. Qxa1 d5 14. exd5 Nxd5 15. b5 Nb4 16. Bxb4 cxb4 17. Qd1 Qf6 18. Nd6+ Ke7 19. Bc4 Qe5+ 20. Ne2 Qxd6 21. Qb3 Qc5 22. Bxe6 fxe6 23. Kf1 Kf7 24. g3 Be7 25. Kg2 Qd5 26.
Qc2 Nd7 27. Rd1 Qxb5 28. Nf4 Nf6 29. Re1 Rd8 30. Nxe6 Rd6 31. Nf4 b3 32. Qc7 Rd7 33. Qc3 Qb4 34. Qe3 Qd2+ 35. Re2 Qxe3 36. Rxe3 Rd2+ 37.
Kh3 Rxb2 38. g4 h6 39. Nd3 Rd2 40. Ne5+ Kg8 41. Rxb3 Bd6 42. Re3 Bxe5 43. Rxe5 Rd3 44. Kg3 g5 45. Rf5 Kg7 46. h4 Kg6 47. hxg5 hxg5 48.
Ra5 Nd5 49. Ra6+ Kf7 50. Ra5 Kf6 51. Ra6+ Kf7 52. Ra5 Kf6 53. Ra6+ Kg7 54. Ra5 Kg6 55. Ra6+ Nf6 56. Ra5 Rd2 57. Rb5 Rc2 58. Ra5 Rd2 59. Rb5 Rd5 60. Rb6 Rd3 61. Rb5 Re3 62.
Ra5 Ne4+ 63. Kg2 1-0

[Event "Late-Titled-Tuesday-Blitz-February-27-2024"]
[Site "Chess.com"]
[Date "2024.02.27"]
[Round "7"]
[White "Nouali_Mohamed"]
[Black "Boninknights"]
[Result "1-0"]
[WhiteElo "2526"]
[BlackElo "2386"]
[TimeControl "180+1"]
[EndTime "15:17:14 PST"]
[Termination "Nouali_Mohamed won by resignation"]

1. e4 e5 2. Bc4 Nf6 3. Nc3 Bb4 4.
Nge2 O-O 5. O-O c6 6. d4 d5 7.
exd5 cxd5 8. dxe5 dxc4 9. exf6 Qxf6 10. Nd5 Qd6 11. Bf4 Qc5 12. Nc7 Nc6 13. Nxa8 Rd8 14. Qc1 Bg4 15. Ng3 Rxa8 16. c3 Ba5 17. Ne4 Qf5 18. f3 Bh5 19. g4 Bb6+ 20. Be3 Bxg4 21.
Ng3 Qb5 22. fxg4 Ne5 23. Rf5 Bxe3+ 24. Qxe3 Qxb2 25. Rxe5 Qxa1+ 26. Qe1 Qxe1+ 27. Rxe1 Kf8 28. a4 Rd8 29. Re4 Rc8 30. Nf5 Rc6 31. Ne3 g6 32. g5 Rc5 33. h4 b5 34. axb5 Rxb5 35. Rxc4 a5 36. Ng4 Ke7 37. Nf6 h5 38. Kf2 Ke6 39.
Ra4 Kd6 40. Kf3 Rf5+ 41. Ke4 Kc6 42. c4 Kb6 43. Kd4 Rf4+ 44. Ne4 Rxh4 45. Ra1 Rg4 46.
Rb1+ Kc6 47. c5 h4 48. Rb6+ Kc7 49.
Rf6 h3 50. Rxf7+ Kc6 51. Rh7 Rxe4+ 52. Kxe4 Kxc5 53. Rxh3 a4 54. Ke5 Kb4 55. Kf6 a3 56. Kxg6 a2 57. Rh1 1-0

[Event "Late-Titled-Tuesday-Blitz-February-27-2024"]
[Site "Chess.com"]
[Date "2024.02.27"]
[Round "7"]
[White "GMVignirVatnar"]
[Black "Inepton_Fermion"]
[Result "1-0"]
[WhiteElo "2730"]
[BlackElo "2458"]
[TimeControl "180+1"]
[EndTime "15:17:16 PST"]
[Termination "GMVignirVatnar won by checkmate"]

1. d4 d5 2. c4 dxc4 3. e3 e5 4. Bxc4 exd4 5. exd4 Bd6 6. Nf3 Nf6 7. Qe2+ Qe7 8.
Qxe7+ Bxe7 9. Bf4 Bd6 10. Ne5 Be6 11. Bxe6 fxe6 12. Nc3 a6 13. O-O Nbd7 14. Rfe1 Bxe5 15. dxe5 Ng8 16. Rad1 Ne7 17. Bg5 Nb6 18. Ne4 h6 19.
Bd2 Rb8 20. b3 Ned5 21. Nc5 Ke7 22. f4 Nd7 23. Ne4 Rhf8 24. g3 c5 25. Nd6 b5 26.
Bc1 Rb6 27. Ne4 Rc6 28. Ba3 b4 29. Bb2 c4 30. bxc4 Rxc4 31. Rd2 Rfc8 32. Nd6 Rc2 33. Nxc8+ Rxc8 34. f5 Nc5 35. Rc2 Nb6 36. Bd4 Nca4 37. f6+ gxf6 38. exf6+ Kf7 39. Rxc8 Nxc8 40. Rc1 Nd6 41.
Rc7+ Kg6 42. Rg7+ Kf5 43. f7 Nxf7 44. Rxf7+ Ke4 45. Rf4+ Kd5 46. Bg7 e5 47. Rxb4 Nc3 48.
Bxh6 Nxa2 49. Ra4 Nc3 50. Rxa6 e4 51. Kf2 Nd1+ 52. Ke2 Nb2 53. Bg7 Nc4 54. h4 Nd6 55.
Rxd6+ Kxd6 56. Ke3 Ke6 57. Kxe4 Kf7 58. Bd4 Kg6 59.
Kf4 Kh5 60. Kf5 Kh6 61. Kf6 Kh5 62. Kg7 Kg4 63. Kg6 Kxg3 64. h5 Kg4 65. h6 Kf4 66. h7 Ke4 67. h8=Q Kd5 68. Qe5+ Kc4 69.
Qc5+ Kd3 70. Be3 Ke4 71. Qd4+ Kf3 72. Qf4+ Ke2 73. Qf2+ Kd3 74. Kf5 Kc4 75. Ke5 Kb5 76. Kd6 Ka6 77. Qb2 Ka5 78. Kc5 Ka4 79. Qb4# 1-0

[Event "Late-Titled-Tuesday-Blitz-February-27-2024"]
[Site "Chess.com"]
[Date "2024.02.27"]
[Round "7"]
[White "farzadbfd"]
[Black "Cambek64"]
[Result "1-0"]
[WhiteElo "2681"]
[BlackElo "2481"]
[TimeControl "180+1"]
[EndTime "15:17:16 PST"]
[Termination "farzadbfd won on time"]

1. d4 d6 2. e4 Nf6 3. Nc3 e5 4. Nf3 Nbd7 5. Bc4 Be7 6. O-O O-O 7. a4 c6 8. a5 Qc7 9. h3 Rb8 10. Re1 b5 11. axb6 axb6 12. d5 cxd5 13. Bxd5 Bb7 14.
Ra7 Qc8 15. Bg5 h6 16. Bh4 Bxd5 17. Nxd5 Nxd5 18. Qxd5 Nf6 19. Bxf6 Bxf6 20. c3 Qe6 21.
Rd1 Rfd8 22. h4 b5 23. g3 b4 24. c4 b3 25. Qxe6 fxe6 26. Rd3 Rbc8 27. Nd2 Rb8 28. Ra3 Be7 29. Raxb3 Rxb3 30. Rxb3 Kf7 31. Kf1 Ra8 32. Ra3 Rb8 33. Ra2 Rb7 34. Ke2 Bd8 35. b3 Bb6 36. Kd3 Bxf2 37. Ra4 Bxg3 38. h5 Be1 39. b4 g5 40. hxg6+ Kxg6 41. b5 Bf2 42. Ra6 Bb6 43. Ra8 Kg7 44. Re8 h5 45. Rxe6 h4 46. Nf3 h3 47. Rxd6 1-0

[Event "Late-Titled-Tuesday-Blitz-February-27-2024"]
[Site "Chess.com"]
[Date "2024.02.27"]
[Round "7"]
[White "SantoBlue"]
[Black "DuleMudule"]
[Result "1/2-1/2"]
[WhiteElo "2980"]
[BlackElo "2878"]
[TimeControl "180+1"]
[EndTime "15:17:17 PST"]
[Termination "Game drawn by repetition"]

1. e4 c5 2. Nf3 Nc6 3. Bb5 e6 4. O-O Nge7 5. Re1 a6 6. Bxc6 Nxc6 7. d4 cxd4 8. Nxd4 d6 9. Nxc6 bxc6 10. c4 Be7 11.
Nc3 O-O 12. b3 e5 13. Qd3 f5 14. Ba3 fxe4 15. Nxe4 Bf5 16. Rad1 Qa5 17. Bxd6 Bxd6 18. Qxd6 Bxe4 19. Rxe4 Qxa2 20. Rf1 Qxb3 21. Qxc6 a5 22. Rxe5 a4 23. Re3 Qb2 24. Qb5 a3 25. g3 Rfb8 26.
Qd5+ Kh8 27. Rfe1 h6 28. R3e2 Qc3 29. Re3 Qf6 30. Re6 Qb2 31. R6e2 Qc3 32. Re3 Qf6 33. Re6 Qc3 34. R1e3 a2 35. Kg2 a1=Q 36. c5 Qcc1 37.
Kh3 Qf1+ 38. Kh4 Qa4+ 39. f4 Qb1 40. Rxh6+ gxh6 41. Qe5+ Kg8 42. Qe6+ Kg7 43. Qe7+ Kh8 44. Qe5+ Kg8 45. Qe6+ Kh8 46. Qf6+ Kg8 47. Re7 Qh7 48.
Qe6+ Kh8 49. Qe5+ Kg8 50. Qd5+ Kh8 51. Qe5+ Kg8 52. Qe6+ Kh8 53. Qf6+ Kg8 54. Qe6+ 1/2-1/2

[Event "Late-Titled-Tuesday-Blitz-February-27-2024"]
[Site "Chess.com"]
[Date "2024.02.27"]
[Round "7"]
[White "KuzubovYuriy"]
[Black "nihalsarin"]
[Result "0-1"]
[WhiteElo "2958"]
[BlackElo "3197"]
[TimeControl "180+1"]
[EndTime "15:17:18 PST"]
[Termination "nihalsarin won by resignation"]

1. d4 Nf6 2. c4 g6 3. g3 Bg7 4.
Bg2 d5 5. cxd5 Nxd5 6. Nf3 O-O 7.
O-O Nb6 8. Nc3 Nc6 9. e3 e5 10.
d5 e4 11. dxc6 exf3 12. Bxf3 bxc6 13. Bxc6 Rb8 14. Qc2 Bh3 15. Rd1 Qf6 16. Bg2 Bxg2 17. Kxg2 Rfd8 18. Rb1 Qc6+ 19. Kg1 Bxc3 20. bxc3 Qf3 21.
Ba3 Nc4 22. Rxb8 Rxb8 23. Bc1 h5 24. Rd4 Ne5 25. h3 Qc6 26. Rd1 Nf3+ 27. Kf1 Ng5 28. e4 Nxe4 29. Bf4 Nxc3 30. Kg1 Qf3 31. Re1 Rd8 32. Be3 Ne4 33. Qxc7 Rd6 34. Qxa7 Nxg3 35.
fxg3 Qxg3+ 36. Kf1 Qxh3+ 37. Ke2 Qg4+ 38. Kf1 Qh3+ 39. Ke2 Qg2+ 40. Bf2 Re6+ 41. Kd2 Qd5+ 42. Qd4 Qxa2+ 43. Kd3 Qb3+ 44. Kd2 Qa2+ 45. Kd3 Qa6+ 46. Kd2 Qa5+ 47. Kd3 Rxe1 48. Bxe1 Qxe1 49. Qd8+ Kh7 50. Qf6 Qe6 51. Qh4 Kg7 52. Kd2 Qf6 53. Qh2 Qb2+ 54.
Ke3 Qxh2 0-1

[Event "Late-Titled-Tuesday-Blitz-February-27-2024"]
[Site "Chess.com"]
[Date "2024.02.27"]
[Round "7"]
[White "Resignify"]
[Black "PNEPaul"]
[Result "0-1"]
[WhiteElo "2229"]
[BlackElo "2052"]
[TimeControl "180+1"]
[EndTime "15:17:18 PST"]
[Termination "PNEPaul won on time"]

1. e4 e5 2. Nf3 Nc6 3. Bb5 f5 4. Nc3 Nf6 5. d3 Be7 6. Nd5 d6 7. Nxe7 Qxe7 8. c3 O-O 9. h3 Kh8 10. Qe2 a6 11. Ba4 b5 12. Bb3 Bd7 13. Bg5 h6 14.
Bxf6 Qxf6 15. Bd5 Rae8 16. Bxc6 Bxc6 17. O-O-O Qf7 18. Kb1 fxe4 19. dxe4 Qf4 20. Rhe1 Rb8 21. Qe3 Qf7 22. Rc1 Ba8 23. Nh4 b4 24. c4 Kh7 25.
f3 g6 26. Rf1 c6 27. g3 d5 28. cxd5 cxd5 29. Ng2 dxe4 30. fxe4 Qxf1 31. Rxf1 Rxf1+ 32. Kc2 Rbf8 33. Nh4 R1f2+ 34. Kb3 a5 35. Qa7+ R2f7 36. Qxa5 Bxe4 37. Qxe5 Bb7 38. Kxb4 Bc6 39. a3 Bd7 40.
g4 Bc8 41. Kc3 Rd8 42. Kb3 Rdd7 43. Ka2 Bb7 44. a4 Bd5+ 45. Ka3 Bc4 46. b4 Rd3+ 47. Kb2 Rf2+ 48. Kc1 Ra3 49. Qc7+ Kg8 50. Qc8+ Kg7 0-1

[Event "Late-Titled-Tuesday-Blitz-February-27-2024"]
[Site "Chess.com"]
[Date "2024.02.27"]
[Round "7"]
[White "ninguno46"]
[Black "PepeCuenca"]
[Result "1/2-1/2"]
[WhiteElo "2592"]
[BlackElo "2707"]
[TimeControl "180+1"]
[EndTime "15:17:19 PST"]
[Termination "Game drawn by repetition"]

1. e4 d6 2. d4 Nf6 3. f3 e5 4. d5 Be7 5. c4 O-O 6. Nc3 a5 7.
Be3 h6 8. g3 Na6 9. Nh3 Nh7 10.
Bg2 f5 11. exf5 Bxf5 12. Nf2 Bg5 13. Bxg5 Qxg5 14. Qd2 Nc5 15. Qxg5 Nxg5 16. h4 Nh7 17. Kd2 Nf6 18. Rhg1 Nfd7 19. Nb5 Rac8 20. Na7 Ra8 21. Nb5 Nb6 22. b3 Rf7 23. Nc3 a4 24. Ke2 axb3 25. axb3 Rxa1 26. Rxa1 Nxb3 27. Ra7 Nc5 28. Nce4 Bxe4 29.
Nxe4 Nxe4 30. fxe4 Nxc4 31. Rxb7 h5 32. Bh3 Kh7 33.
Bf5+ g6 34. Be6 Re7 35. Kd3 Nb6 36. Kc3 Kg7 37. Kb4 Kf6 38. Kb5 g5 39. hxg5+ Kxg5 40. Kc6 Nc4 41. Rxc7 Rxc7+ 42. Kxc7 h4 43. gxh4+ Kxh4 44.
Bf5 Kg5 45. Bh7 Kf4 46. Kc6 Ke3 47. Bg6 Kd4 48. Bh7 Kc3 49. Bg6 Kb4 50. Bh7 Kc3 51.
Bg6 Kd4 52. Bh7 Ke3 53. Bg6 Kd3 54. Bh7 Kd4 55. Bg6 Ke3 56. Bh7 Kd4 57. Bg6 Ke3 58.
Bh7 Kd4 1/2-1/2

[Event "Late-Titled-Tuesday-Blitz-February-27-2024"]
[Site "Chess.com"]
[Date "2024.02.27"]
[Round "7"]
[White "EDaMatta"]
[Black "delqate"]
[Result "0-1"]
[WhiteElo "2239"]
[BlackElo "2412"]
[TimeControl "180+1"]
[EndTime "15:17:19 PST"]
[Termination "delqate won by checkmate"]

1. d4 d5 2. c4 e6 3. Nc3 c5 4. cxd5 exd5 5. Nf3 Nc6 6. g3 Nf6 7. Bg2 Be7 8. dxc5 Bxc5 9. O-O O-O 10. Bg5 d4 11. Na4 Be7 12. Rc1 h6 13. Bxf6 Bxf6 14.
Nc5 Re8 15. Nd2 Qa5 16. a3 Qb5 17. Nde4 Be7 18. b4 Bg4 19. Re1 Rad8 20. h3 Bh5 21.
f4 f5 22. Nd2 Rd6 23. Nc4 Rf6 24. Ne5 Nxe5 25. fxe5 Rg6 26. Kh2 Bg5 27. Rc2 Rxe5 28. Nxb7 d3 29. Rc8+ Kh7 30. Rc5 Rxc5 31. Nxc5 dxe2 32.
Qd7 Qxd7 33. Nxd7 Bd2 34. Nf8+ Kg8 35. Rxe2 Bxe2 36. Nxg6 Bc1 37. Ne7+ Kf7 38. Nxf5 Bxa3 39. Nd6+ Ke6 40. Nb5 Bxb5 41. g4 Bxb4 42. h4 Bd6+ 43. Kh3 a5 44. g5 hxg5 45. hxg5 Bd3 46. Bf3 Bf5+ 47. Bg4 Bxg4+ 48. Kxg4 a4 49. Kh5 a3 50. Kg6 a2 51. Kxg7 a1=Q+ 52. Kh7 Qh1+ 53. Kg6 Ke7 54.
Kg7 Be5+ 55. Kg6 Qb1+ 56. Kh6 Qb6+ 57. g6 Qf6 58. Kh7 Qg7# 0-1